 Dungeon Crawl Stone Soup version 0.32-a0-940-g8c197d95f1 (webtiles) character file.

Game seed: 2072792166149213254

126 Revguard the Shield-Bearer (level 4, -2/35 HPs)
             Began as a Demonspawn Fighter on Apr 16, 2024.
             Slain by Crazy Yiuf
             ... wielding a +3 quarterstaff of chaos
              (5 damage)
             ... on level 2 of the Dungeon.
             The game lasted 00:04:27 (1446 turns).

Revguard the Shield-Bearer (Demonspawn Fighter)     Turns: 1446, Time: 00:04:28

Health: -2/35      AC: 11    Str: 19    XL:     4   Next: 84%
Magic:  4/4        EV:  8    Int:  8    God:
Gold:   135        SH:  4    Dex: 12    Spells: 3/3 levels left

rFire   . . .        a - +0 war axe
rCold   . . .        c - +0 buckler
rNeg    . . .        b - +0 scale mail
rPois   .            n - +0 helmet
rElec   .            (no cloak)
rCorr   .            e - +2 pair of gloves
SInv    .            (no boots)
Will    .....        (no amulet) Stlth
                     (no ring)
HPRegen 0.25/turn    (no ring)
MPRegen 0.18/turn

%: no passive effects
@: slowed, very slow
A: magic regeneration
a: no special abilities


You were on level 2 of the Dungeon.
You visited 1 branch of the dungeon, and saw 2 of its levels.

You collected 135 gold pieces.

Inventory:

Hand Weapons
 a - a +0 war axe (weapon)
Armour
 b - a +0 scale mail (worn)
 c - a +0 buckler (worn)
 e - a +2 pair of gloves (worn)
 n - a +0 helmet (worn)
Jewellery
 q - a ring of positive energy
Wands
 m - a wand of flame (16)
Scrolls
 f - a scroll of poison {unknown}
 g - a scroll of vulnerability {unknown}
 h - 2 scrolls of teleportation {unknown}
 i - a scroll of revelation {unknown}
 j - 3 scrolls of fog {unknown}
 k - a scroll of fear {unknown}
 l - a scroll of immolation {unknown}
 o - a scroll of enchant weapon {unknown}
Potions
 d - a potion of might
 p - 2 potions of heal wounds {unknown}


   Skills:
 + Level 3.3 Fighting
 * Level 2.8 Axes
 + Level 3.1 Armour
 + Level 1.0 Dodging
 * Level 3.4 Shields
 + Level 1.2 Evocations


You had 3 spell levels left.
You didn't know any spells.
Your spell library was empty.

Dungeon Overview and Level Annotations

Branches:
Dungeon (2/15)

Altars:
Sif Muna

Annotations:
D:2 Crazy Yiuf


Innate Abilities, Weirdness & Mutations

You regenerate magic rapidly.


Message History

The adder bites you. The adder closely misses you.
You slash the adder!
You kill the adder!
Found 15 gold pieces and a scroll labelled OMMAZI QUSAMEPP.
You see here an adder corpse.
Found a blade talisman.
You now have 130 gold pieces (gained 15).
You now have 135 gold pieces (gained 5).
You see here a +0 club.
You see here an adder corpse.
h - 2 scrolls labelled OMMAZI QUSAMEPP (gained 1)
Found a runed translucent door.
Crazy Yiuf shouts!
Crazy Yiuf laughs, "Lugonu hand foot!"
You open the door. You slash Crazy Yiuf!
Crazy Yiuf is heavily wounded.
Crazy Yiuf hits you with a +3 quarterstaff of chaos.
You closely miss Crazy Yiuf.
Crazy Yiuf is heavily wounded.
Crazy Yiuf closely misses you.
You hit Crazy Yiuf.
Crazy Yiuf is almost dead.
Crazy Yiuf hits you with a +3 quarterstaff of chaos.
You feel yourself slow down.
Crazy Yiuf hits you with a +3 quarterstaff of chaos!
Crazy Yiuf freezes you.
You barely miss Crazy Yiuf.
Crazy Yiuf is almost dead.
Crazy Yiuf hits you with a +3 quarterstaff of chaos.
Crazy Yiuf burns you.
* * * LOW HITPOINT WARNING * * *
You barely miss Crazy Yiuf.
Crazy Yiuf is almost dead.
Crazy Yiuf hits you with a +3 quarterstaff of chaos.
* * * LOW HITPOINT WARNING * * *
Crazy Yiuf freezes you.
* * * LOW HITPOINT WARNING * * *
Crazy Yiuf hits you with a +3 quarterstaff of chaos.
You die...

............................##
...........................##
.......###.....##.#.#.##..##
........#################.#
........## #.# .........# #.##
........## ### ♣♣##..#
.........# #)..#♣♣ ♣♣.....#
.......### #...g@♣♣♣♣......#
......#### #...#♣..♣......##
#........# ### ♣♣♣.♣....##
########## ♣♣♣♣♣###


You could see Crazy Yiuf.

Vanquished Creatures
  Robin (D:2)
  4 adders (D:2)
  A gnoll (D:1)
  2 ribbon worms (D:2)
  3 dart slugs (D:1)
  5 endoplasms
  3 giant cockroaches
  15 goblins
  5 hobgoblins
  4 quokkas (D:1)
  3 ball pythons (D:1)
  6 bats
  3 frilled lizards
  3 kobolds (D:1)
58 creatures vanquished.

Notes
Turn   | Place    | Note
-------+----------+-------------------------------------------
     0 | D:1      | Revguard the Demonspawn Fighter began the quest for the
                  | Orb.
     0 | D:1      | Reached XP level 1. HP: 18/18 MP: 1/1
    89 | D:1      | Gained mutation: You regenerate magic rapidly. [demonic
                  | ancestry]
    89 | D:1      | Reached XP level 2. HP: 24/24 MP: 2/2
   288 | D:1      | Reached XP level 3. HP: 25/29 MP: 3/3
   814 | D:2      | Found a shimmering blue altar of Sif Muna.
   835 | D:2      | Reached XP level 4. HP: 23/35 MP: 4/4
   971 | D:2      | Noticed Robin
   974 | D:2      | Reached skill level 1 in Evocations
  1009 | D:2      | Killed Robin
  1010 | D:2      | Reached skill level 1 in Dodging
  1359 | D:2      | Found a runed translucent door.
  1360 | D:2      | Noticed Crazy Yiuf
  1446 | D:2      | Slain by Crazy Yiuf

Illustrated notes

Levels and vault maps discovered:
D:1:      evilmike_arrival_crescent, layout_basic, st_stairs_5,
          minmay_tetromino_s4
D:2:      layout_rooms, basic_altar, uniq_crazy_yiuf_cottage, uniq_robin

Skill      XL: |  1  2  3  4 |
---------------+-------------+-----
Axes           | 2 |  2.8
Shields        | 3 |  3.4
Evocations     | 1 |  1.2
Armour         | 3 |  3.1
Dodging        | 1 |  1.0
Fighting       | |  3.3

Action                     |  1- 3 |  4- 6 || total
---------------------------+-------+-------++-------
  Melee: War axe           |   146 |    67 ||   213
 Armour: Scale mail        |   128 |    72 ||   200
  Dodge: Dodged            |    95 |    29 ||   124
  Block: Buckler           |    45 |    23 ||    68

Table legend: (Time is in decaauts)
 A = Elapsed time spent in this place.
 B = Non-inter-level travel time spent in this place.
 C = Inter-level travel time spent in this place.
 D = Time resting spent in this place.
 E = Time spent auto-exploring this place.
 F = Levels seen in this place.
 G = Mean time per level.
                   A        B        C        D        E       F      G
               +--------+--------+--------+--------+--------+-----+--------+
         Total |   1537 |   1531 |      6 |      0 |   1058 |   2 |  768.5 |
       Dungeon |   1537 |   1531 |      6 |      0 |   1058 |   2 |  768.5 |
               +--------+--------+--------+--------+--------+-----+--------+

Top non-repeatable levels by time:
     D:1: 774 daAuts
     D:2: 763 daAuts
